 Dungeon Crawl Stone Soup version 0.28-a0-1241-gf280a0fbb2 (webtiles) character file.

Game seed: 11602977202774141229

70 ChaosChampion the Skirmisher (level 4, -2/37 (41) HPs)
             Began as a Hill Orc Fighter on Dec 26, 2021.
             Killed from afar by an orc wizard (5 damage)
             ... with a magic dart
             ... on level 3 of the Dungeon.
             The game lasted 00:01:31 (2150 turns).

ChaosChampion the Skirmisher (Hill Orc Fighter)     Turns: 2150, Time: 00:01:32

HP:   -2/37 (41)    AC:  7    Str: 20    XL:     4   Next: 21%
MP:   4/4           EV:  9    Int:  8    God:
Gold: 85            SH:  4    Dex: 10    Spells: 3/3 levels left

rFire   . . .      SeeInvis .   a - +0 war axe
rCold   . . .      Faith    .   c - +0 buckler
rNeg    . . .      Spirit   .   b - +0 scale mail
rPois   .          Reflect  .   (no helmet)
rElec   .          Harm     .   (no cloak)
rCorr   .          Rampage  .   (no gloves)
Will    .....                   (no boots)
Stlth   ..........              (no amulet)
HPRegen 0.12/turn               (no ring)
MPRegen 0.09/turn               (no ring)

@: mighty, drained
A: no striking features
a: no special abilities


You were on level 3 of the Dungeon.
You visited 1 branch of the dungeon, and saw 3 of its levels.

You collected 85 gold pieces.

Inventory:

Hand Weapons
 a - a +0 war axe (weapon)
Armour
 b - a +0 scale mail (worn)
 c - a +0 buckler (worn)
Wands
 g - a wand of acid (8)
Scrolls
 e - a scroll of summoning {unknown}
 f - 4 scrolls of identify {unknown}
 i - a scroll of brand weapon {unknown}
 j - a scroll of fear {unknown}
Potions
 d - a potion of might
 h - 2 potions of heal wounds {unknown}


   Skills:
 + Level 4.3 Fighting
 + Level 3.6 Axes
 + Level 3.9 Armour
 + Level 3.9 Shields


You had 3 spell levels left.
You didn't know any spells.
Your spell library was empty.

Dungeon Overview and Level Annotations

Branches:
Dungeon (3/15)

Altars:
Ashenzari

Shops:
D:2 [   D:3 [


Message History

You feel drained.
You slash the orc wizard!
The orc wizard is heavily wounded.
You miss something.
You feel less confused. Something hits you but does no damage.
The orc wizard barely misses you. Something hits you.
* * * LOW HITPOINT WARNING * * *
You barely miss the orc wizard.
The orc wizard is heavily wounded.
You miss something. The orc wizard closely misses you.
Something hits you but does no damage.
The orc wizard hits you but does no damage.
You feel drained.
You closely miss the orc wizard.
The orc wizard is heavily wounded.
You closely miss something.
You hear some strange, mumbled words.
A magic dart appears from out of thin air!
The magic dart hits you.
* * * LOW HITPOINT WARNING * * *
The orc wizard hits you but does no damage.
You feel drained.
You feel very mighty all of a sudden. Something hits you.
* * * LOW HITPOINT WARNING * * *
The orc wizard barely misses you.
You slash the orc wizard!
You kill the orc wizard!
You closely miss something. Something hits you.
* * * LOW HITPOINT WARNING * * *
Something hits you but does no damage. The orc hits you but does no damage.
You have reached level 4!
You closely miss the orc.
The orc is heavily wounded.
You hit something. The orc hits you but does no damage.
You hear some strange, mumbled words.
A magic dart appears from out of thin air!
The magic dart hits you.
You die...

#. ..# ##.## #. ..#
... #.. ... ... ###..
#.# ... ...... #.# #.#
#...###.# #.#
#...o{#.####.#########
#@.∩..##'##.......
###.#.#...#.#####.
#.#.......# #...
#.......[.###.#.
##>........##.#.
+..............
#..............
##...<...###.##
##.....###....


You could see an orc.

Vanquished Creatures
  An orc wizard (D:3)
  A worm (D:2)
  3 dart slugs (D:1)
  2 orcs (D:3)
  2 endoplasms (D:1)
  A giant cockroach (D:1)
  A goblin (D:3)
  5 hobgoblins
  6 kobolds
  2 quokkas
  4 ball pythons
  3 bats
  2 frilled lizards
  2 rats
35 creatures vanquished.

Notes
Turn   | Place    | Note
-------+----------+-------------------------------------------
     0 | D:1      | ChaosChampion the Hill Orc Fighter began the quest for the
                  | Orb.
     0 | D:1      | Reached XP level 1. HP: 19/19 MP: 1/1
   180 | D:1      | Reached XP level 2. HP: 26/27 MP: 2/2
   780 | D:1      | Reached skill level 4 in Fighting
   825 | D:1      | Reached XP level 3. HP: 33/33 MP: 3/3
  1417 | D:2      | Found a broken altar of Ashenzari.
  1559 | D:2      | Found Riess's Antique Armour Boutique.
  2121 | D:3      | Found Faitun's Antique Armour Shop.
  2150 | D:3      | Reached XP level 4. HP: 3/37 MP: 4/4
  2150 | D:3      | Killed from afar by an orc wizard

Illustrated notes

Levels and vault maps discovered:
D:1:      lordsloth_arrival_two_stooges, layout_basic, minivault_4, minivault_19
D:2:      layout_rooms, basic_altar, serial_shops, nicolae_shop_waterfront,
          st_stairs_11
D:3:      layout_loops_corners, serial_shops, nicolae_shop_crystal

Skill      XL: |  1  2 |
---------------+-------+-----
Axes           | 3 |  3.6
Fighting       | 4 |  4.3
Armour         | |  3.9
Shields        | |  3.9

Action                   |  1- 3 |  4- 6 || total
-------------------------+-------+-------++-------
Melee: War axe           |   108 |     1 ||   109
  Use: Potion            |     1 |       ||     1
Armor: Scale mail        |    63 |     1 ||    64
Dodge: Dodged            |    59 |       ||    59
Block: Buckler           |    27 |       ||    27

Table legend: (Time is in decaauts)
 A = Elapsed time spent in this place.
 B = Non-inter-level travel time spent in this place.
 C = Inter-level travel time spent in this place.
 D = Time resting spent in this place.
 E = Time spent auto-exploring this place.
 F = Levels seen in this place.
 G = Mean time per level.
                   A        B        C        D        E       F      G
               +--------+--------+--------+--------+--------+-----+--------+
         Total |   2190 |   2128 |     62 |    175 |   1671 |   3 |  730.0 |
       Dungeon |   2190 |   2128 |     62 |    175 |   1671 |   3 |  730.0 |
               +--------+--------+--------+--------+--------+-----+--------+

Top non-repeatable levels by time:
     D:1: 1079 daAuts
     D:2: 706 daAuts
     D:3: 404 daAuts
